Coyotes vs Sabres
(R1)
Created - 16 janvier 2013 at 23:06
Goals
|
| Coyotes |
0 |
1 |
2 |
3 |
| Sabres |
0 |
3 |
1 |
4 |
|
Shots
|
| Coyotes |
5 |
17 |
8 |
30 |
| Sabres |
5 |
11 |
7 |
23 |
|
1st period
No Goal
Penalties :
Daniel Alfredsson (Buf) for Hooking (Minor) at 7:37, Denis Grebeshkov (Pho) for High sticking (Minor) at 10:49
2nd period
1. Sabres , Markus Naslund 18 (Mats Sundin, Niclas Bergfors) at 1:31
2. Sabres , Andreas Johansson 6 (Brendan Morrison, Mattias Timander) at 2:42
3. Sabres , Brendan Morrison 10 (Niclas Bergfors) at 3:45 (PP)
4. Coyotes , Frans Nielsen 12 (Sergei Samsonov, Brenden Morrow) at 16:04
Penalties :
Denis Grebeshkov (Pho) for Hooking (Minor) at 3:12, Markus Naslund (Buf) for High sticking (Minor) at 12:37, Marian Gaborik (Pho) for Hooking (Minor) at 12:37, Mattias Timander (Buf) for Slashing (Minor) at 18:59
3rd period
5. Sabres , Andreas Johansson 7 (Brendan Morrison, Michal Rozsival) at 5:08
6. Coyotes , Marian Gaborik 20 (Riley Cote, Chad Larose) at 8:43
7. Coyotes , Pavel Brendl 4 (Jiri Fischer) at 12:47
Penalties :
Brendan Morrison (Buf) for Tripping (Minor) at 15:25
Goalie Stats
Jean-Sébastien Giguère (Pho), 15 saves from 19 shots - (0,789), L, 12-14-1, 45:08 minutes
Peter Budaj (Pho), 4 saves from 4 shots - (1,000), 13:55 minutes
Niklas Backstrom (Buf), 27 saves from 30 shots - (0,900), W, 11-13-1, 60:00 minutes
Players Stats for Coyotes
Player Name G A P +/- PIM S H SB GA TA FO MP PP MP PK MP
------------------------------------------------------------------------------------
Brenden Morrow 0 1 1 0 0 1 4 0 0 0 1/1 21:12 2:39 0:44
Chad Larose 0 1 1 0 0 0 2 0 0 0 2/5 10:10 0:39 1:22
Christian Ehrhoff 0 0 0 0 0 0 0 0 0 1 0/0 25:46 2:27 0:00
Craig Adams 0 0 0 0 0 0 1 0 1 0 0/0 13:39 0:41 1:06
Denis Grebeshkov 0 0 0 -1 4 1 1 0 0 1 0/0 21:07 2:33 0:00
Drew Miller 0 0 0 0 0 2 0 0 0 0 0/0 13:17 0:38 0:42
Frans Nielsen 1 0 1 0 0 4 1 0 1 2 7/13 17:16 2:21 1:01
Jamal Mayers 0 0 0 0 0 0 1 0 0 0 1/2 15:01 2:17 0:00
Jay Bouwmeester 0 0 0 0 0 2 1 0 0 1 0/0 27:09 2:27 1:52
Jiri Fischer 0 1 1 1 0 0 1 0 0 0 0/0 11:46 0:57 0:40
Kurt Sauer 0 0 0 1 0 1 1 0 0 0 0/0 11:46 0:57 0:40
Marian Gaborik 1 0 1 0 2 7 4 0 3 0 0/2 19:58 2:39 0:00
Maxim Lapierre 0 0 0 0 0 1 2 0 1 1 2/3 11:27 0:19 0:09
Pavel Brendl 1 0 1 0 0 3 0 0 0 0 0/0 8:45 0:19 0:00
Riley Cote 0 1 1 0 0 3 1 0 0 0 0/0 8:46 0:19 0:00
Sergei Samsonov 0 1 1 0 0 2 2 0 0 0 0/0 14:57 2:21 0:00
Tim Connolly 0 0 0 0 0 1 1 2 0 1 24/38 20:56 2:39 0:00
Tom Poti 0 0 0 -1 0 2 4 0 1 0 0/0 22:28 2:33 1:52
Players Stats for Sabres
Player Name G A P +/- PIM S H SB GA TA FO MP PP MP PK MP
------------------------------------------------------------------------------------
Andreas Johansson 2 0 2 0 0 3 2 1 0 0 3/3 17:38 1:05 1:34
Boyd Devereaux 0 0 0 -1 0 2 0 1 1 1 2/5 13:49 0:00 1:06
Brendan Morrison 1 2 3 0 2 5 3 0 0 1 14/29 20:56 1:05 3:15
Christian Laflamme 0 0 0 -3 0 0 2 1 0 0 0/0 18:21 0:00 1:57
Daniel Alfredsson 0 0 0 0 2 1 1 0 0 0 1/1 19:35 1:27 1:41
Dave Tanabe 0 0 0 -3 0 0 0 2 0 1 0/0 19:38 1:38 2:01
Jochen Hecht 0 0 0 0 0 1 0 0 0 0 0/2 7:35 0:00 0:00
Ladislav Nagy 0 0 0 -1 0 2 0 0 1 0 0/0 13:06 0:16 1:06
Markus Naslund 1 0 1 1 2 4 4 1 2 1 1/3 17:50 1:11 1:36
Martin Sonnenberg 0 0 0 0 0 0 0 1 0 0 0/0 7:04 0:16 0:00
Mats Sundin 0 1 1 1 0 0 0 0 0 0 4/19 17:08 1:11 1:36
Mattias Timander 0 1 1 2 2 0 3 1 0 0 0/0 19:01 0:54 2:06
Michal Rozsival 0 1 1 1 0 1 2 0 2 0 0/0 23:04 1:38 1:49
Niclas Bergfors 0 2 2 1 0 1 1 0 0 1 1/1 16:08 1:05 0:00
Niclas Havelid 0 0 0 2 0 1 4 1 1 0 0/0 18:17 0:54 1:52
Niklas Sundstrom 0 0 0 -1 0 0 1 0 0 0 1/1 13:52 0:00 0:00
Ole-Kristian Tollefsen 0 0 0 1 0 1 3 2 0 2 0/0 22:01 0:00 2:09
Stanislav Chistov 0 0 0 0 0 1 1 0 0 0 0/0 6:57 0:00 0:00
3 Stars
1 - Andreas Johansson (Buf)
2 - Brendan Morrison (Buf)
3 - Markus Naslund (Buf)
Power Play
Coyotes - 0 on 3 Attempt(s) - 0,00%
Sabres - 1 on 2 Attempt(s) - 50,00%
Penalty Kill
Coyotes - 1 on 2 Attempt(s) - 50,00%
- Score 0 goal in Penalty Kill
Sabres - 3 on 3 Attempt(s) - 100,00%
- Score 0 goal in Penalty Kill
Official
Referees : Auger Stephane and Devorski Paul
Linesman : Brian Murphy and Ryan Galloway
Game Notes
Peter Budaj enters game at 5:08 of 3rd period
Finance
Level 1 -- Attendance: 4064 (67,73%) -- Ticket Income 406 400 $
Level 2 -- Attendance: 3543 (70,86%) -- Ticket Income 212 580 $
Level 3 -- Attendance: 1371 (68,55%) -- Ticket Income 54 840 $
Level 4 -- Attendance: 3923 (98,08%) -- Ticket Income 78 460 $
Luxury Box -- Attendance: 870 (87,00%) -- Ticket Income 160 950 $
Game was played at the Duff Garden
Total Attendance: 13771 (76,51%)
Total Ticket Income: 913 230 $
Total Income: 913 230 $
Coyotes
5 vs 5 Forward
Center Left Wing Right Wing Time % Phy DF OF
1 Tim Connolly Brenden Morrow Marian Gaborik 40 1 2 2
2 Frans Nielsen Sergei Samsonov Jamal Mayers 30 1 2 2
3 Maxim Lapierre Drew Miller Craig Adams 20 1 2 2
4 Chad Larose Riley Cote Pavel Brendl 10 1 2 2
5 vs 5 Defense
Defense Defense Time % Phy DF OF
1 Jay Bouwmeester Christian Ehrhoff 40 1 2 2
2 Denis Grebeshkov Tom Poti 30 1 2 2
3 Kurt Sauer Jiri Fischer 20 1 2 2
4 Jay Bouwmeester Christian Ehrhoff 10 1 2 2
PowerPlay Forward
Center Left Wing Right Wing Time % Phy DF OF
1 Tim Connolly Brenden Morrow Marian Gaborik 60 1 2 2
2 Frans Nielsen Sergei Samsonov Jamal Mayers 40 1 2 2
PowerPlay Defense
Defense Defense Time % Phy DF OF
1 Jay Bouwmeester Christian Ehrhoff 60 1 2 2
2 Denis Grebeshkov Tom Poti 40 1 2 2
Penalty Kill 4 Players Forward
Center Wing Time % Phy DF OF
1 Chad Larose Craig Adams 60 1 2 2
2 Frans Nielsen Drew Miller 40 1 2 2
Penalty Kill 4 Players Defense
Defense Defense Time % Phy DF OF
1 Jay Bouwmeester Tom Poti 60 1 2 2
2 Kurt Sauer Jiri Fischer 40 1 2 2
Penalty Kill - 3 Players Forward
Forward Time % Phy DF OF
1 Craig Adams 60 1 2 2
2 Chad Larose 40 1 2 2
Penalty Kill - 3 Players Defense
Defense Defense Time % Phy DF OF
1 Jay Bouwmeester Tom Poti 60 1 2 2
2 Kurt Sauer Jiri Fischer 40 1 2 2
4 vs 4 Forward
Center Wing Time % Phy DF OF
1 Tim Connolly Marian Gaborik 60 1 2 2
2 Frans Nielsen Brenden Morrow 40 1 2 2
4 vs 4 Defense
Defense Defense Time % Phy DF OF
1 Jay Bouwmeester Christian Ehrhoff 60 1 2 2
2 Denis Grebeshkov Tom Poti 40 1 2 2
Last Minutes Offensive
Center Left Wing Right Wing Defense Defense
Tim Connolly Brenden Morrow Marian Gaborik Jay Bouwmeester Tom Poti
Last Minutes Defensive
Center Left Wing Right Wing Defense Defense
Chad Larose Drew Miller Craig Adams Kurt Sauer Jiri Fischer
Goaltenders
Starting : Jean-Sébastien Giguère
Backup : Peter Budaj
Extra Forwards
Normal : Chad Larose, Drew Miller, Craig Adams - PP : Chad Larose, Drew Miller - PK : Craig Adams
Extra Defensemen
Normal : Denis Grebeshkov, Jiri Fischer, Christian Ehrhoff - PP : Denis Grebeshkov - PK : Jiri Fischer, Christian Ehrhoff
Penalty Shots
Marian Gaborik, Brenden Morrow, Tim Connolly, Frans Nielsen, Sergei Samsonov
Sabres
5 vs 5 Forward
Center Left Wing Right Wing Time % Phy DF OF
1 Mats Sundin Markus Naslund Niclas Bergfors 32 2 1 2
2 Brendan Morrison Andreas Johansson Daniel Alfredsson 30 2 1 2
3 Boyd Devereaux Ladislav Nagy Niklas Sundstrom 24 0 3 2
4 Jochen Hecht Martin Sonnenberg Stanislav Chistov 14 0 3 2
5 vs 5 Defense
Defense Defense Time % Phy DF OF
1 Ole-Kristian Tollefsen Michal Rozsival 38 1 3 1
2 Dave Tanabe Christian Laflamme 32 1 3 1
3 Niclas Havelid Mattias Timander 30 1 3 1
4 Niclas Havelid Mattias Timander 0 1 3 1
PowerPlay Forward
Center Left Wing Right Wing Time % Phy DF OF
1 Mats Sundin Markus Naslund Daniel Alfredsson 60 2 0 3
2 Brendan Morrison Andreas Johansson Niclas Bergfors 40 1 0 4
PowerPlay Defense
Defense Defense Time % Phy DF OF
1 Dave Tanabe Michal Rozsival 60 0 2 3
2 Niclas Havelid Mattias Timander 40 0 2 3
Penalty Kill 4 Players Forward
Center Wing Time % Phy DF OF
1 Brendan Morrison Daniel Alfredsson 60 1 3 1
2 Mats Sundin Markus Naslund 40 1 3 1
Penalty Kill 4 Players Defense
Defense Defense Time % Phy DF OF
1 Ole-Kristian Tollefsen Christian Laflamme 60 1 2 2
2 Dave Tanabe Michal Rozsival 40 1 2 2
Penalty Kill - 3 Players Forward
Forward Time % Phy DF OF
1 Brendan Morrison 60 1 4 0
2 Mats Sundin 40 1 4 0
Penalty Kill - 3 Players Defense
Defense Defense Time % Phy DF OF
1 Ole-Kristian Tollefsen Christian Laflamme 60 1 2 2
2 Dave Tanabe Michal Rozsival 40 1 2 2
4 vs 4 Forward
Center Wing Time % Phy DF OF
1 Brendan Morrison Daniel Alfredsson 60 1 2 2
2 Mats Sundin Markus Naslund 40 1 2 2
4 vs 4 Defense
Defense Defense Time % Phy DF OF
1 Mattias Timander Niclas Havelid 60 1 3 1
2 Dave Tanabe Michal Rozsival 40 1 3 1
Last Minutes Offensive
Center Left Wing Right Wing Defense Defense
Mats Sundin Markus Naslund Daniel Alfredsson Brendan Morrison Michal Rozsival
Last Minutes Defensive
Center Left Wing Right Wing Defense Defense
Boyd Devereaux Markus Naslund Daniel Alfredsson Ole-Kristian Tollefsen Christian Laflamme
Goaltenders
Starting : Niklas Backstrom
Backup : Dan Cloutier
Extra Forwards
Normal : Niclas Bergfors, Niklas Sundstrom, Jochen Hecht - PP : Martin Sonnenberg, Ladislav Nagy - PK : Boyd Devereaux
Extra Defensemen
Normal : Christian Laflamme, Ole-Kristian Tollefsen, Michal Rozsival - PP : Ole-Kristian Tollefsen - PK : Mattias Timander, Niclas Havelid
Penalty Shots
Daniel Alfredsson, Markus Naslund, Mats Sundin, Brendan Morrison, Ladislav Nagy
% Time on Ice - Coyotes
Lines # - Real PCT - Wanted PCT - Time Play
Normal Forward
1 - 36% - 40% - 17:24
2 - 28% - 30% - 13:40
3 - 22% - 20% - 10:30
4 - 14% - 10% - 6:44
Normal Defense
1 - 41% - 40% - 20:02
2 - 35% - 30% - 16:46
3 - 19% - 20% - 9:07
4 - 5% - 10% - 2:23
PP Forward
1 - 45% - 60% - 2:39
2 - 55% - 40% - 3:18
PP Defense
1 - 54% - 60% - 3:12
2 - 46% - 40% - 2:45
PK Forward
1 - 84% - 60% - 2:07
2 - 16% - 40% - 0:25
PK Defense
1 - 74% - 60% - 1:52
2 - 26% - 40% - 0:40
PK3 Forward
1 - 0% - 60%
2 - 0% - 40%
PK3 Defense
1 - 0% - 60%
2 - 0% - 40%
44 Forward
1 - 100% - 60% - 1:59
2 - 0% - 40% - 0:00
44 Defense
1 - 56% - 60% - 1:07
2 - 44% - 40% - 0:52
Last Minute Offensive - 1:14
Last Minute Defensive - 0:00
Total
Forward - 60:00
Defense - 60:00
|
% Time on Ice - Sabres
Lines # - Real PCT - Wanted PCT - Time Play
Normal Forward
1 - 30% - 32% - 14:35
2 - 32% - 30% - 15:35
3 - 24% - 24% - 11:30
4 - 14% - 14% - 6:39
Normal Defense
1 - 42% - 38% - 20:08
2 - 30% - 32% - 14:44
3 - 28% - 30% - 13:27
4 - 0% - 0% - 0:00
PP Forward
1 - 57% - 60% - 1:27
2 - 43% - 40% - 1:05
PP Defense
1 - 64% - 60% - 1:38
2 - 36% - 40% - 0:54
PK Forward
1 - 55% - 60% - 3:15
2 - 45% - 40% - 2:42
PK Defense
1 - 52% - 60% - 3:06
2 - 48% - 40% - 2:51
PK3 Forward
1 - 0% - 60%
2 - 0% - 40%
PK3 Defense
1 - 0% - 60%
2 - 0% - 40%
44 Forward
1 - 74% - 60% - 1:28
2 - 26% - 40% - 0:31
44 Defense
1 - 63% - 60% - 1:15
2 - 37% - 40% - 0:44
Last Minute Offensive - 0:00
Last Minute Defensive - 1:13
Total
Forward - 60:00
Defense - 60:00
|
Play by Play
1st period
0:01 of 1st period - Tim Connolly wins face-off versus Markus Naslund in neutral zone.
0:06 of 1st period - Wrist shot by Tim Connolly.
0:06 of 1st period - Shot Misses the Net.
1:01 of 1st period - Dave Tanabe is hit by Maxim Lapierre and loses puck.
1:14 of 1st period - Slapshot by Niklas Sundstrom.
1:14 of 1st period - Deflect By Boyd Devereaux.
1:14 of 1st period - Stopped by Jean-Sébastien Giguère with a rebound.
2:09 of 1st period - Christian Ehrhoff is hit by Christian Laflamme.
2:19 of 1st period - Snap shot by Maxim Lapierre.
2:19 of 1st period - Shot Misses the Net.
3:07 of 1st period - Dave Tanabe is hit by Craig Adams and loses puck.
3:28 of 1st period - Snap shot by Boyd Devereaux.
3:28 of 1st period - Stopped by Jean-Sébastien Giguère with a rebound.
4:29 of 1st period - Snap shot by Ladislav Nagy.
4:29 of 1st period - Stopped by Jean-Sébastien Giguère with a rebound.
4:33 of 1st period - Snap shot by Niklas Sundstrom.
4:33 of 1st period - Shot Hit the Post.
5:31 of 1st period - Icing by Drew Miller.
5:32 of 1st period - Maxim Lapierre wins face-off versus Mats Sundin in Coyotes zone.
6:21 of 1st period - Ole-Kristian Tollefsen is hit by Sergei Samsonov and loses puck.
6:44 of 1st period - Riley Cote is hit by Ole-Kristian Tollefsen and loses puck.
6:57 of 1st period - Jiri Fischer is hit by Niclas Bergfors.
7:03 of 1st period - Niclas Bergfors is hit by Tom Poti and loses puck.
7:16 of 1st period - Sergei Samsonov is hit by Michal Rozsival and loses puck.
7:25 of 1st period - Slapshot by Stanislav Chistov.
7:25 of 1st period - Stopped by Jean-Sébastien Giguère without a rebound.
7:26 of 1st period - Brendan Morrison wins face-off versus Chad Larose in Coyotes zone.
7:27 of 1st period - Snap shot by Andreas Johansson.
7:27 of 1st period - Shot Misses the Net.
7:33 of 1st period - Kurt Sauer is hit by Mattias Timander and loses puck.
7:37 of 1st period - Minor Penalty to Daniel Alfredsson for Hooking.
7:38 of 1st period - Tim Connolly wins face-off versus Brendan Morrison in Sabres zone.
7:43 of 1st period - Snap shot by Brenden Morrow.
7:43 of 1st period - Stopped by Niklas Backstrom without a rebound.
7:44 of 1st period - Brendan Morrison wins face-off versus Marian Gaborik in Sabres zone.
7:44 of 1st period - Brendan Morrison is hit by Marian Gaborik.
7:56 of 1st period - Wrist shot by Tim Connolly.
7:56 of 1st period - Stopped by Niklas Backstrom without a rebound.
7:57 of 1st period - Tim Connolly wins face-off versus Brendan Morrison in Sabres zone.
8:00 of 1st period - Wrist shot by Brenden Morrow.
8:00 of 1st period - Shot Misses the Net.
8:02 of 1st period - Backhand shot by Tom Poti.
8:02 of 1st period - Stopped by Niklas Backstrom without a rebound.
8:03 of 1st period - Andreas Johansson wins face-off versus Tim Connolly in Sabres zone.
8:03 of 1st period - Andreas Johansson is hit by Marian Gaborik.
8:13 of 1st period - Slapshot by Tom Poti.
8:13 of 1st period - Shot Blocked by Ole-Kristian Tollefsen.
8:15 of 1st period - Slapshot by Tom Poti.
8:15 of 1st period - Stopped by Niklas Backstrom without a rebound.
8:16 of 1st period - Tim Connolly wins face-off versus Brendan Morrison in Sabres zone.
8:54 of 1st period - Off-side.
8:55 of 1st period - Tim Connolly wins face-off versus Mats Sundin in neutral zone.
8:58 of 1st period - Mats Sundin is hit by Brenden Morrow and loses puck.
9:23 of 1st period - Michal Rozsival is hit by Tom Poti and loses puck.
9:37 of 1st period - Penalty to Daniel Alfredsson is over, Daniel Alfredsson is back on ice.
10:16 of 1st period - Riley Cote is hit by Markus Naslund and loses puck.
10:35 of 1st period - Slapshot by Riley Cote.
10:35 of 1st period - Stopped by Niklas Backstrom without a rebound.
10:36 of 1st period - Brendan Morrison wins face-off versus Tim Connolly in Sabres zone.
10:49 of 1st period - Minor Penalty to Denis Grebeshkov for High sticking.
10:50 of 1st period - Brendan Morrison wins face-off versus Chad Larose in Coyotes zone.
11:13 of 1st period - Markus Naslund is hit by Tom Poti and loses puck.
12:43 of 1st period - Daniel Alfredsson is hit by Jay Bouwmeester and loses puck.
12:49 of 1st period - Penalty to Denis Grebeshkov is over, Denis Grebeshkov is back on ice.
12:58 of 1st period - Stanislav Chistov is hit by Brenden Morrow and loses puck.
13:17 of 1st period - Wrist shot by Niklas Sundstrom.
13:17 of 1st period - Shot Misses the Net.
13:40 of 1st period - Craig Adams is hit by Brendan Morrison and loses puck.
14:56 of 1st period - Frans Nielsen is hit by Brendan Morrison and loses puck.
15:45 of 1st period - Kurt Sauer is hit by Michal Rozsival and loses puck.
16:00 of 1st period - Tim Connolly is hit by Mattias Timander and loses puck.
16:13 of 1st period - Jay Bouwmeester is hit by Christian Laflamme and loses puck.
16:28 of 1st period - Niklas Sundstrom is hit by Maxim Lapierre and loses puck.
17:16 of 1st period - Denis Grebeshkov is hit by Stanislav Chistov and loses puck.
17:58 of 1st period - Frans Nielsen is hit by Brendan Morrison.
18:34 of 1st period - Wrist shot by Niclas Havelid.
18:34 of 1st period - Stopped by Jean-Sébastien Giguère with a rebound.
18:36 of 1st period - Backhand shot by Mattias Timander.
18:36 of 1st period - Shot Misses the Net.
18:46 of 1st period - Jay Bouwmeester is hit by Andreas Johansson and loses puck.
19:11 of 1st period - Icing by Mats Sundin.
19:12 of 1st period - Tim Connolly wins face-off versus Mats Sundin in Sabres zone.
2nd period
0:01 of 2nd period - Tim Connolly wins face-off versus Brendan Morrison in neutral zone.
0:34 of 2nd period - Icing by Frans Nielsen.
0:35 of 2nd period - Brendan Morrison wins face-off versus Frans Nielsen in Coyotes zone.
1:14 of 2nd period - Snap shot by Frans Nielsen.
1:14 of 2nd period - Deflect By Sergei Samsonov.
1:14 of 2nd period - Deflect By Michal Rozsival.
1:14 of 2nd period - Shot Misses the Net.
1:14 of 2nd period - Puck is out of play.
1:15 of 2nd period - Tim Connolly wins face-off versus Mats Sundin in Sabres zone.
1:16 of 2nd period - Snap shot by Marian Gaborik.
1:16 of 2nd period - Shot Misses the Net.
1:18 of 2nd period - Slapshot by Marian Gaborik.
1:18 of 2nd period - Stopped by Niklas Backstrom without a rebound.
1:19 of 2nd period - Niclas Bergfors wins face-off versus Tim Connolly in Sabres zone.
1:29 of 2nd period - Snap shot by Mats Sundin.
1:29 of 2nd period - Shot Blocked by Tim Connolly.
1:31 of 2nd period - Wrist shot by Markus Naslund.
1:31 of 2nd period - Goal by Markus Naslund - Coyotes : 0 - Sabres : 1.
1:32 of 2nd period - Brendan Morrison wins face-off versus Tim Connolly in neutral zone.
2:08 of 2nd period - Snap shot by Marian Gaborik.
2:08 of 2nd period - Stopped by Niklas Backstrom with a rebound.
2:10 of 2nd period - Slapshot by Marian Gaborik.
2:10 of 2nd period - Shot Misses the Net.
2:12 of 2nd period - Slapshot by Jay Bouwmeester.
2:12 of 2nd period - Stopped by Niklas Backstrom without a rebound.
2:13 of 2nd period - Mats Sundin wins face-off versus Frans Nielsen in Sabres zone.
2:28 of 2nd period - Wrist shot by Frans Nielsen.
2:28 of 2nd period - Stopped by Niklas Backstrom without a rebound.
2:29 of 2nd period - Frans Nielsen wins face-off versus Brendan Morrison in Sabres zone.
2:30 of 2nd period - Wrist shot by Sergei Samsonov.
2:30 of 2nd period - Stopped by Niklas Backstrom without a rebound.
2:31 of 2nd period - Jamal Mayers wins face-off versus Brendan Morrison in Sabres zone.
2:42 of 2nd period - Snap shot by Andreas Johansson.
2:42 of 2nd period - Goal by Andreas Johansson - Coyotes : 0 - Sabres : 2.
2:43 of 2nd period - Tim Connolly wins face-off versus Mats Sundin in neutral zone.
3:12 of 2nd period - Minor Penalty to Denis Grebeshkov for Hooking.
3:13 of 2nd period - Chad Larose wins face-off versus Mats Sundin in Coyotes zone.
3:24 of 2nd period - Slapshot by Markus Naslund.
3:24 of 2nd period - Stopped by Jean-Sébastien Giguère with a rebound.
3:40 of 2nd period - Craig Adams is hit by Andreas Johansson and loses puck.
3:45 of 2nd period - Snap shot by Brendan Morrison.
3:45 of 2nd period - Goal by Brendan Morrison - Coyotes : 0 - Sabres : 3.
3:46 of 2nd period - Tim Connolly wins face-off versus Brendan Morrison in neutral zone.
3:57 of 2nd period - Mattias Timander is hit by Marian Gaborik.
5:20 of 2nd period - Snap shot by Michal Rozsival.
5:20 of 2nd period - Stopped by Jean-Sébastien Giguère with a rebound.
5:45 of 2nd period - Snap shot by Maxim Lapierre.
5:45 of 2nd period - Stopped by Niklas Backstrom with a rebound.
5:55 of 2nd period - Chad Larose is hit by Niklas Sundstrom and loses puck.
6:09 of 2nd period - Off-side.
6:10 of 2nd period - Tim Connolly wins face-off versus Jochen Hecht in neutral zone.
6:17 of 2nd period - Slapshot by Marian Gaborik.
6:17 of 2nd period - Shot Blocked by Mattias Timander.
6:19 of 2nd period - Slapshot by Kurt Sauer.
6:19 of 2nd period - Stopped by Niklas Backstrom with a rebound.
6:21 of 2nd period - Snap shot by Marian Gaborik.
6:21 of 2nd period - Stopped by Niklas Backstrom with a rebound.
6:25 of 2nd period - Snap shot by Marian Gaborik.
6:25 of 2nd period - Shot Blocked by Martin Sonnenberg.
6:42 of 2nd period - Snap shot by Sergei Samsonov.
6:42 of 2nd period - Deflect By Frans Nielsen.
6:42 of 2nd period - Stopped by Niklas Backstrom with a rebound.
6:44 of 2nd period - Slapshot by Jay Bouwmeester.
6:44 of 2nd period - Shot Blocked by Niclas Havelid.
7:43 of 2nd period - Slapshot by Frans Nielsen.
7:43 of 2nd period - Stopped by Niklas Backstrom without a rebound.
7:44 of 2nd period - Tim Connolly wins face-off versus Mats Sundin in Sabres zone.
7:59 of 2nd period - Wrist shot by Markus Naslund.
7:59 of 2nd period - Stopped by Jean-Sébastien Giguère without a rebound.
8:00 of 2nd period - Brendan Morrison wins face-off versus Frans Nielsen in Coyotes zone.
8:01 of 2nd period - Snap shot by Daniel Alfredsson.
8:01 of 2nd period - Stopped by Jean-Sébastien Giguère without a rebound.
8:02 of 2nd period - Brendan Morrison wins face-off versus Frans Nielsen in Coyotes zone.
8:07 of 2nd period - Snap shot by Brendan Morrison.
8:07 of 2nd period - Stopped by Jean-Sébastien Giguère with a rebound.
8:28 of 2nd period - Off-side.
8:29 of 2nd period - Tim Connolly wins face-off versus Mats Sundin in neutral zone.
8:54 of 2nd period - Frans Nielsen is hit by Niclas Havelid and loses puck.
9:21 of 2nd period - Snap shot by Drew Miller.
9:21 of 2nd period - Stopped by Niklas Backstrom with a rebound.
9:23 of 2nd period - Snap shot by Maxim Lapierre.
9:23 of 2nd period - Shot Misses the Net.
9:25 of 2nd period - Snap shot by Craig Adams.
9:25 of 2nd period - Shot Blocked by Christian Laflamme.
9:27 of 2nd period - Slapshot by Denis Grebeshkov.
9:27 of 2nd period - Stopped by Niklas Backstrom with a rebound.
9:29 of 2nd period - Wrist shot by Denis Grebeshkov.
9:29 of 2nd period - Deflect By Craig Adams.
9:29 of 2nd period - Shot Blocked by Dave Tanabe.
9:29 of 2nd period - Puck is out of play.
9:30 of 2nd period - Mats Sundin wins face-off versus Tim Connolly in Sabres zone.
9:30 of 2nd period - Mats Sundin is hit by Marian Gaborik.
9:39 of 2nd period - Snap shot by Markus Naslund.
9:39 of 2nd period - Stopped by Jean-Sébastien Giguère with a rebound.
9:41 of 2nd period - Slapshot by Ole-Kristian Tollefsen.
9:41 of 2nd period - Stopped by Jean-Sébastien Giguère without a rebound.
9:42 of 2nd period - Daniel Alfredsson wins face-off versus Tim Connolly in Coyotes zone.
9:43 of 2nd period - Slapshot by Brendan Morrison.
9:43 of 2nd period - Stopped by Jean-Sébastien Giguère with a rebound.
10:15 of 2nd period - Slapshot by Kurt Sauer.
10:15 of 2nd period - Deflect By Jamal Mayers.
10:15 of 2nd period - Shot Misses the Net.
10:15 of 2nd period - Puck is out of play.
10:16 of 2nd period - Tim Connolly wins face-off versus Mats Sundin in Sabres zone.
10:19 of 2nd period - Wrist shot by Marian Gaborik.
10:19 of 2nd period - Stopped by Niklas Backstrom without a rebound.
10:20 of 2nd period - Brenden Morrow wins face-off versus Mats Sundin in Sabres zone.
10:21 of 2nd period - Wrist shot by Marian Gaborik.
10:21 of 2nd period - Shot Misses the Net.
10:51 of 2nd period - Andreas Johansson is hit by Frans Nielsen and loses puck.
12:11 of 2nd period - Snap shot by Riley Cote.
12:11 of 2nd period - Stopped by Niklas Backstrom without a rebound.
12:12 of 2nd period - Andreas Johansson wins face-off versus Chad Larose in Sabres zone.
12:12 of 2nd period - Andreas Johansson is hit by Tom Poti.
12:22 of 2nd period - Slapshot by Pavel Brendl.
12:22 of 2nd period - Stopped by Niklas Backstrom without a rebound.
12:23 of 2nd period - Tim Connolly wins face-off versus Mats Sundin in Sabres zone.
12:24 of 2nd period - Wrist shot by Marian Gaborik.
12:24 of 2nd period - Stopped by Niklas Backstrom with a rebound.
12:37 of 2nd period - Minor Penalty to Markus Naslund for High sticking.
12:37 of 2nd period - Minor Penalty to Marian Gaborik for Hooking.
12:38 of 2nd period - Brendan Morrison wins face-off versus Tim Connolly in Coyotes zone.
12:47 of 2nd period - Backhand shot by Daniel Alfredsson.
12:47 of 2nd period - Shot Misses the Net.
13:03 of 2nd period - Brendan Morrison is hit by Tim Connolly and loses puck.
14:12 of 2nd period - Brenden Morrow is hit by Niclas Havelid and loses puck.
14:37 of 2nd period - Penalty to Markus Naslund is over, Markus Naslund is back on ice.
14:37 of 2nd period - Penalty to Marian Gaborik is over, Marian Gaborik is back on ice.
15:23 of 2nd period - Kurt Sauer is hit by Markus Naslund and loses puck.
16:04 of 2nd period - Slapshot by Frans Nielsen.
16:04 of 2nd period - Goal by Frans Nielsen - Coyotes : 1 - Sabres : 3.
16:05 of 2nd period - Tim Connolly wins face-off versus Brendan Morrison in neutral zone.
16:42 of 2nd period - Slapshot by Jay Bouwmeester.
16:42 of 2nd period - Shot Blocked by Markus Naslund.
16:51 of 2nd period - Off-side.
16:52 of 2nd period - Niklas Sundstrom wins face-off versus Maxim Lapierre in neutral zone.
17:05 of 2nd period - Snap shot by Ladislav Nagy.
17:05 of 2nd period - Shot Misses the Net.
17:44 of 2nd period - Brendan Morrison is hit by Jiri Fischer and loses puck.
18:41 of 2nd period - Brenden Morrow is hit by Markus Naslund and loses puck.
18:59 of 2nd period - Minor Penalty to Mattias Timander for Slashing.
19:00 of 2nd period - Brendan Morrison wins face-off versus Tim Connolly in Sabres zone.
19:28 of 2nd period - Icing by Jamal Mayers.
19:29 of 2nd period - Frans Nielsen wins face-off versus Brendan Morrison in Coyotes zone.
3rd period
0:01 of 3rd period - Tim Connolly wins face-off versus Brendan Morrison in neutral zone.
0:30 of 3rd period - Backhand shot by Jay Bouwmeester.
0:30 of 3rd period - Stopped by Niklas Backstrom without a rebound.
0:31 of 3rd period - Tim Connolly wins face-off versus Markus Naslund in Sabres zone.
0:59 of 3rd period - Penalty to Mattias Timander is over, Mattias Timander is back on ice.
2:47 of 3rd period - Wrist shot by Ladislav Nagy.
2:47 of 3rd period - Deflect By Niklas Sundstrom.
2:47 of 3rd period - Shot Misses the Net.
2:47 of 3rd period - Puck is out of play.
2:48 of 3rd period - Frans Nielsen wins face-off versus Jochen Hecht in Coyotes zone.
2:59 of 3rd period - Snap shot by Jochen Hecht.
2:59 of 3rd period - Stopped by Jean-Sébastien Giguère without a rebound.
3:00 of 3rd period - Tim Connolly wins face-off versus Mats Sundin in Coyotes zone.
3:00 of 3rd period - Tim Connolly is hit by Mattias Timander.
3:14 of 3rd period - Snap shot by Marian Gaborik.
3:14 of 3rd period - Deflect By Tim Connolly.
3:14 of 3rd period - Shot Misses the Net.
3:14 of 3rd period - Puck is out of play.
3:15 of 3rd period - Frans Nielsen wins face-off versus Brendan Morrison in Sabres zone.
3:29 of 3rd period - Off-side.
3:30 of 3rd period - Tim Connolly wins face-off versus Mats Sundin in neutral zone.
3:33 of 3rd period - Michal Rozsival is hit by Brenden Morrow and loses puck.
4:30 of 3rd period - Snap shot by Andreas Johansson.
4:30 of 3rd period - Shot Misses the Net.
4:32 of 3rd period - Slapshot by Michal Rozsival.
4:32 of 3rd period - Deflect By Brendan Morrison.
4:32 of 3rd period - Stopped by Jean-Sébastien Giguère with a rebound.
4:34 of 3rd period - Snap shot by Andreas Johansson.
4:34 of 3rd period - Shot Misses the Net.
5:06 of 3rd period - Wrist shot by Brendan Morrison.
5:06 of 3rd period - Shot Misses the Net.
5:08 of 3rd period - Wrist shot by Andreas Johansson.
5:08 of 3rd period - Goal by Andreas Johansson - Coyotes : 1 - Sabres : 4.
5:08 of 3rd period - Peter Budaj enters game.
5:09 of 3rd period - Markus Naslund wins face-off versus Tim Connolly in neutral zone.
5:22 of 3rd period - Slapshot by Mattias Timander.
5:22 of 3rd period - Deflect By Mats Sundin.
5:22 of 3rd period - Shot Blocked by Tim Connolly.
5:22 of 3rd period - Puck is out of play.
5:23 of 3rd period - Mats Sundin wins face-off versus Tim Connolly in Coyotes zone.
5:30 of 3rd period - Brenden Morrow is hit by Niclas Havelid and loses puck.
5:54 of 3rd period - Wrist shot by Ladislav Nagy.
5:54 of 3rd period - Shot Misses the Net.
6:12 of 3rd period - Icing by Boyd Devereaux.
6:13 of 3rd period - Maxim Lapierre wins face-off versus Boyd Devereaux in Sabres zone.
6:24 of 3rd period - Slapshot by Marian Gaborik.
6:24 of 3rd period - Deflect By Mattias Timander.
6:24 of 3rd period - Stopped by Niklas Backstrom without a rebound.
6:25 of 3rd period - Tim Connolly wins face-off versus Brendan Morrison in Sabres zone.
6:36 of 3rd period - Snap shot by Marian Gaborik.
6:36 of 3rd period - Deflect By Tim Connolly.
6:36 of 3rd period - Shot Blocked by Andreas Johansson.
6:36 of 3rd period - Puck is out of play.
6:37 of 3rd period - Brendan Morrison wins face-off versus Tim Connolly in Sabres zone.
7:02 of 3rd period - Sergei Samsonov is hit by Markus Naslund and loses puck.
7:11 of 3rd period - Slapshot by Niclas Bergfors.
7:11 of 3rd period - Stopped by Peter Budaj with a rebound.
7:29 of 3rd period - Snap shot by Craig Adams.
7:29 of 3rd period - Deflect By Drew Miller.
7:29 of 3rd period - Stopped by Niklas Backstrom without a rebound.
7:30 of 3rd period - Andreas Johansson wins face-off versus Marian Gaborik in Sabres zone.
7:55 of 3rd period - Mats Sundin is hit by Sergei Samsonov and loses puck.
8:21 of 3rd period - Dave Tanabe is hit by Kurt Sauer and loses puck.
8:31 of 3rd period - Icing by Dave Tanabe.
8:32 of 3rd period - Chad Larose wins face-off versus Boyd Devereaux in Sabres zone.
8:41 of 3rd period - Snap shot by Marian Gaborik.
8:41 of 3rd period - Shot Blocked by Dave Tanabe.
8:43 of 3rd period - Wrist shot by Marian Gaborik.
8:43 of 3rd period - Goal by Marian Gaborik - Coyotes : 2 - Sabres : 4.
8:44 of 3rd period - Tim Connolly wins face-off versus Brendan Morrison in neutral zone.
9:06 of 3rd period - Icing by Mattias Timander.
9:07 of 3rd period - Frans Nielsen wins face-off versus Mats Sundin in Sabres zone.
9:36 of 3rd period - Ole-Kristian Tollefsen is hit by Jamal Mayers and loses puck.
9:43 of 3rd period - Slapshot by Sergei Samsonov.
9:43 of 3rd period - Shot Blocked by Boyd Devereaux.
9:45 of 3rd period - Slapshot by Tom Poti.
9:45 of 3rd period - Deflect By Jamal Mayers.
9:45 of 3rd period - Shot Misses the Net.
9:45 of 3rd period - Puck is out of play.
9:46 of 3rd period - Tim Connolly wins face-off versus Brendan Morrison in Sabres zone.
10:01 of 3rd period - Mattias Timander is hit by Brenden Morrow and loses puck.
10:12 of 3rd period - Daniel Alfredsson is hit by Riley Cote and loses puck.
11:04 of 3rd period - Icing by Denis Grebeshkov.
11:05 of 3rd period - Mats Sundin wins face-off versus Jamal Mayers in Coyotes zone.
11:08 of 3rd period - Snap shot by Markus Naslund.
11:08 of 3rd period - Shot Misses the Net.
11:16 of 3rd period - Snap shot by Sergei Samsonov.
11:16 of 3rd period - Stopped by Niklas Backstrom with a rebound.
11:18 of 3rd period - Slapshot by Denis Grebeshkov.
11:18 of 3rd period - Deflect By Jamal Mayers.
11:18 of 3rd period - Shot Misses the Net.
11:18 of 3rd period - Puck is out of play.
11:19 of 3rd period - Brendan Morrison wins face-off versus Tim Connolly in Sabres zone.
12:47 of 3rd period - Snap shot by Pavel Brendl.
12:47 of 3rd period - Goal by Pavel Brendl - Coyotes : 3 - Sabres : 4.
12:48 of 3rd period - Brendan Morrison wins face-off versus Tim Connolly in neutral zone.
12:52 of 3rd period - Off-side.
12:53 of 3rd period - Brendan Morrison wins face-off versus Tim Connolly in neutral zone.
12:56 of 3rd period - Wrist shot by Andreas Johansson.
12:56 of 3rd period - Stopped by Peter Budaj without a rebound.
12:57 of 3rd period - Tim Connolly wins face-off versus Brendan Morrison in Coyotes zone.
12:57 of 3rd period - Tim Connolly is hit by Ole-Kristian Tollefsen.
13:13 of 3rd period - Tom Poti is hit by Daniel Alfredsson and loses puck.
13:27 of 3rd period - Denis Grebeshkov is hit by Ole-Kristian Tollefsen.
13:55 of 3rd period - Wrist shot by Tim Connolly.
13:55 of 3rd period - Shot Misses the Net.
14:48 of 3rd period - Wrist shot by Brendan Morrison.
14:48 of 3rd period - Stopped by Peter Budaj with a rebound.
15:06 of 3rd period - Slapshot by Brenden Morrow.
15:06 of 3rd period - Shot Misses the Net.
15:25 of 3rd period - Minor Penalty to Brendan Morrison for Tripping.
15:26 of 3rd period - Frans Nielsen wins face-off versus Mats Sundin in Sabres zone.
15:39 of 3rd period - Snap shot by Frans Nielsen.
15:39 of 3rd period - Shot Misses the Net.
16:17 of 3rd period - Slapshot by Ladislav Nagy.
16:17 of 3rd period - Stopped by Peter Budaj with a rebound.
17:25 of 3rd period - Penalty to Brendan Morrison is over, Brendan Morrison is back on ice.
17:48 of 3rd period - Craig Adams is hit by Niclas Havelid and loses puck.
18:02 of 3rd period - Markus Naslund is hit by Chad Larose and loses puck.
18:35 of 3rd period - Ladislav Nagy is hit by Chad Larose and loses puck.
19:03 of 3rd period - Coyotes, Peter Budaj is pulled from the net.
19:09 of 3rd period - Snap shot by Frans Nielsen.
19:09 of 3rd period - Deflect By Ole-Kristian Tollefsen.
19:09 of 3rd period - Shot Blocked by Ole-Kristian Tollefsen.
19:09 of 3rd period - Puck is out of play.
19:10 of 3rd period - Claude Julien call a timeout for Coyotes.
19:10 of 3rd period - Frans Nielsen wins face-off versus Boyd Devereaux in Sabres zone.
19:11 of 3rd period - Snap shot by Pavel Brendl.
19:11 of 3rd period - Stopped by Niklas Backstrom without a rebound.
19:12 of 3rd period - Boyd Devereaux wins face-off versus Frans Nielsen in Sabres zone.
19:33 of 3rd period - Wrist shot by Riley Cote.
19:33 of 3rd period - Stopped by Niklas Backstrom without a rebound.
19:34 of 3rd period - Boyd Devereaux wins face-off versus Frans Nielsen in Sabres zone.
19:53 of 3rd period - Snap shot by Tom Poti.
19:53 of 3rd period - Shot Misses the Net.
19:59 of 3rd period - Christian Laflamme is hit by Denis Grebeshkov and loses puck.
Output by the SimonT Hockey Simulator (STHS) for François Prévost -- Original Page W3C XHTML 1.0 Valid